 Seeded DCSS version 0.29-a0-676-ga64570c9d2 (webtiles) character file.

Game seed: 11281427841516483749 (custom seed)

10298 zeratav the Archer (level 11, -13/69 HPs)
             Began as a Tengu Hunter on June 24, 2022.
             Was a High Priest of Okawaru.
             Killed from afar by an acid dragon (27 damage)
             ... with a splash of acid
             ... on level 11 of the Dungeon.
             The game lasted 00:41:43 (18377 turns).

zeratav the Archer (Tengu Hunter)                  Turns: 18377, Time: 00:41:43

Health: -13/69     AC:  4    Str: 11    XL:     11   Next: 59%
Magic:  14/14      EV: 26    Int: 16    God:    Okawaru [*****.]
Gold:   10         SH:  0    Dex: 22    Spells: 10/10 levels left

rFire   . . .      SeeInvis .   H - +8 storm bow {elec, penet}
rCold   . . .      Faith    .   (shield currently unavailable)
rNeg    . . .      Spirit   .   b - +0 leather armour
rPois   .          Reflect  .   (helmet restricted)
rElec   .          Harm     .   (no cloak)
rCorr   .          Rampage  .   C - +0 pair of gloves
Will    .....                   (boots unavailable)
Stlth   +++.......              (no amulet)
HPRegen 0.21/turn               l - +4 ring of evasion
MPRegen 0.14/turn               o - +6 ring of intelligence

@: flying quickly and evasively, quick
A: beak, talons 3, nimble flight
a: Renounce Religion, Heroism, Finesse, Duel


You were on level 11 of the Dungeon.
You worshipped Okawaru.
Okawaru was extremely pleased with you.
You visited 2 branches of the dungeon, and saw 12 of its levels.

You collected 650 gold pieces.
You spent 640 gold pieces at shops.


Innate Abilities, Weirdness & Mutations

You have a beak for a mouth.
You have claws for feet.
Your magical nature lets you fly swiftly and evasively.


   Skills:
 + Level 8.8 Fighting
 + Level 13.5 Bows
 + Level 9.6 Dodging
 - Level 5.0 Stealth
 + Level 3.6 Invocations


You had 10 spell levels left.
You didn't know any spells.
Your spell library contained the following spells:

 Spells                   Type           Power      Damage    Failure   Level
 Freeze                   Ice            0%         1d3       32%         1
 Blink                    Tloc           0%         N/A       45%         2
 Static Discharge         Conj/Air       0%         N/A       45%         2
 Conjure Flame            Conj/Fire      0%         6-21      69%         3
 Frozen Ramparts          Ice            0%         1d2       69%         3
 Ignite Poison            Fire/Tmut/Pois 0%         N/A       69%         3
 Inner Flame              Hex/Fire       0%         N/A       69%         3
 Lesser Beckoning         Tloc           0%         N/A       69%         3
 Cause Fear               Hex            0%         N/A       97%         4
 Fulminant Prism          Conj/Hex       0%         3d6       97%         4
 Hailstorm                Conj/Ice       0%         3d3       97%         4
 Iskenderun's Mystic Bla  Conj/Tloc      0%         2d3       97%         4
 Sticky Flame             Conj/Fire      0%         2d3       97%         4
 Lee's Rapid Deconstruct  Erth           0%         3d5*      100%        5
 Lightning Bolt           Conj/Air       0%         1d11      100%        5
 Manifold Assault         Tloc           0%         N/A       100%        5
 Discord                  Hex            0%         N/A       100%        8
 Maxwell's Capacitive Co  Air            0%         ∞         100%        8

Inventory:

Hand Weapons
 F - a +1 spear of venom {polearm}
   (You took it off a gnoll sergeant on level 11 of the Dungeon)
 H - the +8 storm bow (weapon) {elec, penet}
   (You bought it in a shop on level 2 of the Dungeon)

   Any ammunition fired from it occasionally discharges a powerful burst of
   electricity upon striking a foe.
   Any ammunition fired by it passes through the targets it hits, potentially
   hitting all targets in its path until it reaches maximum range.
Armour
 b - a +0 leather armour (worn)
 C - a +0 pair of gloves (worn)
   (You found it on level 7 of the Dungeon)
 I - the +1 ring mail of Egicaunt {rC+++ rCorr Str-5 Int+4}
   (Okawaru gifted it to you on level 9 of the Dungeon)

   Str:       It affects your strength (-5).
   Int:       It affects your intelligence (+4).
   rC:        It renders you almost immune to cold.
   rCorr:     It protects you from acid and corrosion.
Jewellery
 l - a +4 ring of evasion (left hand)
   (You found it on level 3 of the Dungeon)
 o - a +6 ring of intelligence (right hand)
   (You found it on level 3 of the Dungeon)
 D - a ring of willpower
   (You found it on level 10 of the Dungeon)
Wands
 d - a wand of iceblast (11)
   (You found it on level 8 of the Dungeon)
 s - a wand of flame (22)
   (You found it on level 5 of the Dungeon)
 y - a wand of digging (3)
   (You took it off an orc priest on level 6 of the Dungeon)
 G - a wand of polymorph (15)
   (You found it on level 10 of the Dungeon)
 J - a wand of mindburst (9)
   (You found it on level 11 of the Dungeon)
Scrolls
 c - 2 scrolls of immolation {!r!r}
 e - 2 scrolls of magic mapping {!r}
 g - 3 scrolls of enchant armour
 i - 2 scrolls of fear {unknown}
 k - a scroll of silence {!r}
 m - 2 scrolls of amnesia
 q - 2 scrolls of identify {@r1}
 r - 3 scrolls of enchant weapon {unknown}
 v - 3 scrolls of teleportation {@r4}
 z - 2 scrolls of vulnerability {unknown}
Potions
 a - a potion of degeneration {unknown}
 f - 4 potions of mutation {unknown}
 h - 4 potions of curing {@q1}
 j - a potion of ambrosia {unknown}
 n - 2 potions of invisibility {unknown}
 p - a potion of heal wounds {@q2}
 t - 3 potions of flight {unknown}
 u - a potion of brilliance {unknown}
 x - a potion of might {unknown}
 A - a potion of lignification {unknown}
 B - 3 potions of attraction {unknown}
 E - 2 potions of magic {unknown}
Miscellaneous
 w - a phial of floods
   (You found it on level 10 of the Dungeon)

Dungeon Overview and Level Annotations

Branches:
Dungeon (11/15) Zot: 25724  Temple (0/1) D:5            Lair (1/6) D:9 Zot: 5100
    Orc (0/2) D:11

Altars:
Cheibriados
Okawaru
Sif Muna
Wu Jian

Shops:
D:2 (

Annotations:
D:6 2 transporters, Bediveer's ghost, amateur PaAK
D:10 1 exclusion
Lair:1 1 transporter, bande's ghost, novice GrFi

......#...#.......##
.....###.###.....>######
.....##..###...........#
.....#....###.......D..###
.##....##.......##.......##
####....##.#....#.........#
.....†...#.#.............##
##...##..................##
....###.........@.........#
.....###.......##.......###
##...##..................#
.#......#.......D.......#
.###....##...............#
. #.... #...............##
#......#................###
...##.....................#
.#
#.....>............<..###


You could see a seven-headed hydra and an acid dragon (catching breath).


Message History

You shoot an arrow.
The arrow pierces through the kobold demonologist!
Lightning courses through the kobold demonologist!!
The arrow pierces through the orc warrior but does no damage.
The kobold demonologist hits you but does no damage.
HP[-4]
You take 4 damage, and now have 65/69 hp.
You shoot an arrow.
The arrow pierces through the kobold demonologist but does no damage.
The arrow pierces through the orc warrior!
The kobold demonologist gestures wildly while chanting.
The kobold demonologist hits you with a +0 dagger.
HP[-2]
You take 2 damage, and now have 63/69 hp.
You shoot an arrow.
The arrow pierces through the kobold demonologist!!
You kill the kobold demonologist!
Okawaru accepts your kill.
The crimson imp disappears in a puff of smoke!
The soul eater disappears in a puff of smoke!
The white imp disappears in a puff of smoke! x2
You shoot an arrow.
The arrow barely misses the orc warrior.
The orc warrior misses you.
A seven-headed hydra comes into view.
HP[+1]
You shoot an arrow.
The arrow pierces through the orc warrior!
You kill the orc warrior!
Okawaru accepts your kill.
The arrow barely misses the howler monkey.
You shoot an arrow.
The arrow closely misses the howler monkey.
The howler monkey misses you. The howler monkey barely misses you.
The howler monkey hoots and howls with incredible vigour!
You hear a roar!
You hear a shout! x2
HP[+1] HP[+1] Shoot: H) +8 storm bow {elec, penet}
Press: ? - help, Q - select action, (/) - cycle Shift-Dir - straight line, f - seven-headed hydra, p - howler monkey
Aim: a seven-headed hydra (86% to hit)
You shoot an arrow.
The arrow pierces through the howler monkey!!
Lightning courses through the howler monkey!
You kill the howler monkey!
Okawaru accepts your kill.
The arrow pierces through the seven-headed hydra.
Shoot: H) +8 storm bow {elec, penet}
Press: ? - help, Q - select action, (/) - cycle Shift-Dir - straight line, f/p - seven-headed hydra
Aim: a seven-headed hydra (lightly wounded, 86% to hit)
You shoot an arrow.
The arrow pierces through the seven-headed hydra!
Found a staircase to the Orcish Mines.
HP[+1]
You shoot an arrow.
The arrow pierces through the seven-headed hydra!
You shoot an arrow.
The arrow completely misses the seven-headed hydra.
HP[+1] HP[+1]
Your hp is fully restored (69).
You see here a +0 mace {mace}.
You see here a +0 mace {mace}.
You shoot an arrow.
The arrow pierces through the seven-headed hydra!!
You shoot an arrow.
The arrow pierces through the seven-headed hydra!
You shoot an arrow.
The arrow barely misses the seven-headed hydra.
You shoot an arrow.
The arrow barely misses the seven-headed hydra.
You shoot an arrow.
The arrow pierces through the seven-headed hydra!
Lightning courses through the seven-headed hydra!
You shoot an arrow.
The arrow pierces through the seven-headed hydra.
The seven-headed hydra completely misses you.
The seven-headed hydra barely misses you.
The seven-headed hydra closely misses you.
The seven-headed hydra completely misses you.
The seven-headed hydra bites you. The seven-headed hydra bites you!
The seven-headed hydra barely misses you.
The seven-headed hydra bites you. The seven-headed hydra bites you!
The seven-headed hydra completely misses you.
The seven-headed hydra bites you!
* * * LOW HITPOINT WARNING * * *
The seven-headed hydra barely misses you.
The seven-headed hydra bites you!
* * * LOW HITPOINT WARNING * * *
The seven-headed hydra bites you but does no damage.
HP[-56]
You take 56 damage, and now have 13/69 hp.
MASSIVE DAMAGE!! (PAUSE)
You are too injured to fight recklessly!
HP[+1]
An acid dragon comes into view.
The acid dragon roars!
The acid dragon spits acid at you. The splash of acid hits you!!
You die...

Skill      XL: |  1  2  3  4  5  6  7  8  9 10 11 |
---------------+----------------------------------+-----
Stealth        | 2 3 4 5 |  5.0
Bows           | 5 6 7 9 10 11 12 13 | 13.5
Dodging        | 4 6 8 9 |  9.6
Fighting       | 4 6 7 8 |  8.8
Invocations    | 1 3 |  3.6

Action                   |  1- 3 |  4- 6 |  7- 9 | 10-12 || total
-------------------------+-------+-------+-------+-------++-------
Melee: Shortbow          |       |       |     6 |       ||     6
       Kick              |       |       |     1 |     1 ||     2
       Morningstar       |       |       |       |     8 ||     8
 Fire: Shortbow          |    47 |   156 |   482 |   452 ||  1137
       Longbow           |       |       |       |    33 ||    33
Invok: Heroism           |       |       |     2 |     4 ||     6
Evoke: Wand              |       |       |       |     2 ||     2
  Use: Scroll            |       |       |       |     8 ||     8
       Potion            |       |       |       |     6 ||     6
Armor: Leather armour    |     2 |     6 |    28 |    12 ||    48
Dodge: Dodged            |    10 |    74 |   252 |   250 ||   586

Levels and vault maps discovered:
D:1:      nzn_arrival_crosshair, layout_basic,
          dilly_ecumenical_altar_fadedgnrine
D:2:      layout_loops_ring, serial_shops, nicolae_shop_hallway_stairs,
          uniq_jessica
D:3:      layout_basic
D:4:      layout_rooms, grunt_temple_overflow_open, overflow_temple_1_default,
          minmay_liquid_box, uniq_menkaure
D:5:      layout_basic, minmay_temple_entry_offerings, grunt_ministairs_14
D:6:      layout_loops_ring, gammafunk_ghost_stat_death, uniq_eustachio
D:7:      layout_basic, minmay_parallelograms
D:8:      layout_basic
D:9:      layout_irregular_city, mainiacjoe_overflow_alcove_4, lair_entry_dummy
D:10:     layout_gridville, eino_small_chamber_without_monster,
          hangedman_decor_opposing
D:11:     wad_guarded_room, layout_cave_pools, orc_0_dummy,
          minmay_misc_feat_columns
Lair:1:   layout_long_grid, nzn_ghost_randoct, chequers_serial_rivers_micro_c,
          kennysheep_snail_temple, serial_bayou_shore_a,
          infiniplex_staircase_pool_2

Notes
Turn   | Place    | Note
-------+----------+-------------------------------------------
     0 | D:1      | zeratav the Tengu Hunter began the quest for the Orb.
     0 | D:1      | Reached XP level 1. HP: 12/12 MP: 2/2
     0 | D:1      | magus.rc [v1.9.6]
   354 | D:1      | Reached XP level 2. HP: 17/17 MP: 3/3
   608 | D:1      | Found a faded altar of an unknown god.
   853 | D:2      | Reached skill level 2 in Stealth
   923 | D:2      | Reached XP level 3. HP: 21/21 MP: 4/4
   937 | D:2      | Reached skill level 5 in Bows
   955 | D:2      | You pick up a book of Lightning and begin reading...
   955 | D:2      | You add the spells Static Discharge, Lightning Bolt and
                  | Maxwell's Capacitive Coupling to your library.
   999 | D:2      | Noticed Jessica
  1007 | D:2      | Killed Jessica
  1008 | D:2      | Reached XP level 4. HP: 17/26 MP: 5/5
  1128 | D:2      | Reached skill level 3 in Stealth
  1332 | D:2      | Found Semp's Weapon Emporium.
  1645 | D:3      | You pick up a book of Frost and begin reading...
  1645 | D:3      | You add the spells Freeze, Frozen Ramparts and Hailstorm to
                  | your library.
  2264 | D:4      | Noticed a water moccasin
  2329 | D:4      | Gained mutation: Your magical nature lets you fly swiftly
                  | and evasively. [Tengu growth]
  2329 | D:4      | Reached XP level 5. HP: 30/30 MP: 6/6
  2329 | D:4      | Found an iron altar of Okawaru.
  2351 | D:4      | Became a worshipper of Warmaster Okawaru
  2385 | D:4      | Noticed Menkaure
  2398 | D:4      | Killed Menkaure
  2399 | D:4      | Reached skill level 6 in Bows
  2399 | D:4      | Reached skill level 4 in Stealth
  2399 | D:4      | Reached XP level 6. HP: 13/35 MP: 7/7
  2401 | D:4      | HP: 7/35 [quokka (2)]
  2910 | D:4      | Reached skill level 5 in Stealth
  2922 | D:4      | Found a snail-covered altar of Cheibriados.
  2950 | D:4      | Found an ornate altar of the Wu Jian Council.
  3122 | D:5      | Entered Level 5 of the Dungeon
  3260 | D:5      | Reached * piety under Okawaru
  3261 | D:5      | Reached skill level 7 in Bows
  3261 | D:5      | Reached XP level 7. HP: 26/40 MP: 8/8
  3657 | D:5      | Reached skill level 8 in Bows
  3878 | D:5      | Found a staircase to the Ecumenical Temple.
  3885 | D:5      | You pick up a book of Hexes and begin reading...
  3885 | D:5      | You add the spells Inner Flame, Cause Fear and Discord to
                  | your library.
  4165 | D:6      | Found a transporter.
  4168 | D:6      | Noticed Bediveer's ghost (amateur PaAK)
  4207 | D:6      | Reached skill level 9 in Bows
  4207 | D:6      | Found a transporter.
  4238 | D:6      | Reached ** piety under Okawaru
  4239 | D:6      | Reached XP level 8. HP: 32/44 MP: 9/9
  4574 | D:6      | Reached skill level 10 in Bows
  5094 | D:6      | Noticed Eustachio
  5609 | D:5      | Reached skill level 3 in Dodging
  5830 | D:6      | Reached skill level 3 in Fighting
  6061 | D:5      | magus.rc [v1.9.6]
  6109 | D:5      | Killed Eustachio
  6109 | D:5      | Reached *** piety under Okawaru
  6890 | D:5      | Reached skill level 4 in Dodging
  7177 | D:6      | Reached skill level 4 in Fighting
  7177 | D:6      | Reached XP level 9. HP: 42/52 MP: 10/10
  8020 | D:6      | HP: 13/52 [poisoned by a water moccasin]
  8259 | D:7      | Reached skill level 5 in Dodging
  8416 | D:7      | Reached skill level 11 in Bows
  8788 | D:7      | HP: 10/53 [something/magic dart (4)]
  9127 | D:7      | Reached skill level 5 in Fighting
  9214 | D:6      | HP: 12/50 [wight/+5 morningstar (3)]
 10079 | D:6      | Reached skill level 6 in Dodging
 10747 | D:8      | Reached skill level 6 in Fighting
 10882 | D:8      | Reached XP level 10. HP: 43/60 MP: 11/11
 11178 | D:8      | Reached skill level 7 in Dodging
 11441 | D:8      | Identified the +8 trident "Noyrepti" {freeze, rN+}
 11467 | D:8      | Reached skill level 12 in Bows
 11882 | D:8      | HP: 11/61 [hornet (16)]
 11882 | D:8      | HP: 1/61 [hornet (10)]
 11889 | D:8      | HP: 2/61 [hornet (9)]
 12602 | D:9      | Noticed a green ugly thing
 12642 | D:8      | HP: 14/61 [poisoned by a green ugly thing]
 12659 | D:8      | HP: 4/61 [green ugly thing (11)]
 12664 | D:8      | HP: 1/61 [green ugly thing (6)]
 12669 | D:8      | Killed a green ugly thing
 12939 | D:9      | Reached **** piety under Okawaru
 12940 | D:9      | Reached skill level 7 in Fighting
 12946 | D:9      | HP: 14/63 [yak (13)]
 13255 | D:9      | Found a staircase to the Lair.
 13300 | D:9      | Reached skill level 8 in Dodging
 13313 | D:9      | HP: 12/63 [yak (14)]
 13677 | D:9      | You pick up a book of Blasting and begin reading...
 13677 | D:9      | You add the spells Fulminant Prism, Iskenderun's Mystic
                  | Blast and Lee's Rapid Deconstruction to your library.
 13716 | D:9      | Found a shimmering blue altar of Sif Muna.
 13997 | D:10     | Entered Level 10 of the Dungeon
 14166 | D:10     | Reached ***** piety under Okawaru
 14542 | Lair:1   | Entered Level 1 of the Lair of Beasts
 14780 | Lair:1   | Identified the +8 quarterstaff of Destiny {freeze, rC+}
 14784 | Lair:1   | Noticed a cane toad
 14803 | Lair:1   | a cane toad changed into a golden eye
 14858 | Lair:1   | Reached skill level 1 in Invocations
 15078 | Lair:1   | Noticed a black mamba
 15081 | Lair:1   | Found a transporter.
 15084 | Lair:1   | Noticed a black mamba
 15089 | Lair:1   | Noticed bande's ghost (novice GrFi)
 15105 | Lair:1   | Noticed a torpor snail
 15435 | D:9      | Killed a torpor snail
 15436 | D:9      | Reached XP level 11. HP: 46/68 MP: 11/13
 15611 | Lair:1   | Reached skill level 8 in Fighting
 15957 | D:10     | Reached skill level 13 in Bows
 15982 | D:10     | Reached skill level 2 in Invocations
 16198 | D:9      | Identified the +1 ring mail of Egicaunt {rC+++ rCorr Str-5
                  | Int+4} (Okawaru gifted it to you on level 9 of the Dungeon)
 16198 | D:9      | Received a gift from Okawaru
 16438 | D:10     | Reached skill level 9 in Dodging
 17041 | D:11     | Noticed a cyclops
 17221 | D:10     | Killed a cyclops
 17428 | D:11     | Noticed a four-headed hydra
 17439 | D:11     | Killed a four-headed hydra
 17440 | D:11     | Reached skill level 3 in Invocations
 17801 | D:2      | Bought the +8 storm bow {elec, penet} for 640 gold pieces
 17801 | D:2      | Found the +8 storm bow {elec, penet}
 17870 | D:4      | You pick up a book of Spatial Translocations and begin
                  | reading...
 17870 | D:4      | You add the spells Blink, Lesser Beckoning and Manifold
                  | Assault to your library.
 18210 | D:11     | You add the spells Conjure Flame, Ignite Poison and Sticky
                  | Flame to your library.
 18272 | D:11     | Noticed a soul eater
 18278 | D:11     | Noticed a seven-headed hydra
 18291 | D:11     | Found a staircase to the Orcish Mines.
 18371 | D:11     | HP: 13/69 [seven-headed hydra (14)]
 18377 | D:11     | Killed from afar by an acid dragon

Vanquished Creatures
  A hydra (D:11)
  An ugly thing (D:8)
  A cyclops (D:10)
  A torpor snail (D:9)
  A gargoyle (D:11)
  A komodo dragon (D:11)
  A kobold demonologist (D:11)
  A hornet (D:8)
  13 yaks
  A basilisk (Lair:1)
  A golden eye (Lair:1)
  Eustachio (D:5)
  2 vampire mosquitoes (D:11)
  Menkaure (D:4)
  4 water moccasins
  2 acid dragons
  An ice beast (D:6)
  2 orc warriors
  A black bear (D:5)
  6 sky beasts
  8 centaurs
  2 phantoms (D:5)
  5 bullfrogs
  2 necrophages
  3 gnoll sergeants
  2 scorpions (D:6)
  8 wights
  8 killer bees
  4 howler monkeys
  3 orc priests
  3 hounds
  2 jellies (D:6)
  Jessica (D:2)
  4 iguanas
  11 orc wizards
  14 gnolls
  8 adders
  2 white imps
  An ufetubus (D:6)
  A worm (D:4)
  4 dart slugs
  30 orcs
  9 ball pythons
  3 endoplasms
  3 giant cockroaches
  5 goblins
  3 hobgoblins
  4 jackals (D:2)
  8 quokkas
  6 bats
  4 frilled lizards
  14 kobolds
  2 rats (D:2)
230 creatures vanquished.

Table legend:
 A = Non-vault XP
 B = Vault XP
 C = Vault XP percentage of total XP
 D = Non-vault monster count
 E = Vault monster count
 F = Vault count percentage of total count
                 A         B        C        D         E       F
            +---------+---------+-------+---------+---------+-------
      Total |   12920 |    1792 |  12.2 |     220 |      10 |   4.3
            +---------+---------+-------+---------+---------+-------
        D:1 |      19 |       0 |   0.0 |      12 |       0 |   0.0
        D:2 |      55 |      37 |  40.2 |      25 |       1 |   3.8
        D:3 |      52 |       0 |   0.0 |      19 |       0 |   0.0
        D:4 |     317 |     172 |  35.2 |      22 |       1 |   4.3
        D:5 |     809 |     231 |  22.2 |      17 |       3 |  15.0
        D:6 |    1741 |       0 |   0.0 |      38 |       0 |   0.0
        D:7 |     825 |       0 |   0.0 |      13 |       0 |   0.0
        D:8 |    2482 |       0 |   0.0 |      28 |       0 |   0.0
        D:9 |    1777 |     424 |  19.3 |      15 |       1 |   6.2
       D:10 |    2355 |       0 |   0.0 |      17 |       0 |   0.0
       D:11 |    1949 |     928 |  32.3 |      11 |       4 |  26.7
     Lair:1 |     539 |       0 |   0.0 |       3 |       0 |   0.0
            +---------+---------+-------+---------+---------+-------

Illustrated notes

Table legend:
 A = Kills in this place as a percentage of kills in entire the game.
 B = Kills by you in this place as a percentage of kills by you in the entire game.
 C = Kills by friends in this place as a percentage of kills by friends in the entire game.
 D = Other kills in this place as a percentage of other kills in the entire game.
 E = Experience gained in this place as a percentage of experience gained in the entire game.
 F = Experience gained in this place divided by the number of levels of this place that you have seen.
                   A       B       C       D       E      F
               +-------+-------+-------+-------+-------+----------------------
         Total | 100.0 | 100.0 |   N/A |   N/A | 100.0 | 1226.0
       Dungeon |  98.7 |  98.7 |   N/A |   N/A |  96.3 | 1288.5
          Lair |   1.3 |   1.3 |   N/A |   N/A |   3.7 | 539.0
               +-------+-------+-------+-------+-------+----------------------

Table legend: (Time is in decaauts)
 A = Elapsed time spent in this place.
 B = Non-inter-level travel time spent in this place.
 C = Inter-level travel time spent in this place.
 D = Time resting spent in this place.
 E = Time spent auto-exploring this place.
 F = Levels seen in this place.
 G = Mean time per level.
                   A        B        C        D        E       F      G
               +--------+--------+--------+--------+--------+-----+--------+
         Total |  17716 |  16269 |   1447 |   5281 |   6853 |  12 | 1476.3 |
       Dungeon |  16817 |  15386 |   1431 |   4923 |   6535 |  11 | 1528.8 |
          Lair |    899 |    883 |     16 |    358 |    317 |   1 |  899.0 |
               +--------+--------+--------+--------+--------+-----+--------+

Top non-repeatable levels by time:
     D:5: 3187 daAuts
     D:6: 3110 daAuts
     D:8: 2371 daAuts
     D:9: 1808 daAuts
    D:10: 1666 daAuts
     D:2: 1002 daAuts
     D:7: 991 daAuts
  Lair:1: 899 daAuts
     D:1: 841 daAuts
     D:4: 836 daAuts
     D:3: 582 daAuts
    D:11: 419 daAuts
